Description

Neuro's Ling/Bane/Muta video from 1-17-17 on his YouTube channel.

Replay - Neuro - Ling/Bane/Muta

Build Order

Get SALT Encoding   

  12  0:01  Drone  
  13  0:13  Overlord  
  13  0:17  Drone  
  14  0:31  Drone x3  
  17  0:52  Hatchery  
  17  0:55  Drone x2  
  18  1:09  Extractor  
  17  1:13  Spawning Pool  
  17  1:16  Drone x2  
  18  1:29  Drone  
  19  1:40  Overlord  
  20  2:00  Queen x2  
  22  2:01  Zergling x4  
  26  2:10  Metabolic Boost  
  30  2:40  Spore Crawler  
  28  2:49  Queen  
  31  2:55  Hatchery  
  31  2:57  Overlord  
  35  3:14  Overlord  
  40  3:27  Zergling x8  
  44  3:35  Extractor, Queen  
  45  3:45  Queen  
  50  3:51  Overlord  
  57  4:24  Evolution Chamber x2  
  56  4:43  Zergling x6  
  56  4:44  Queen x2  
  61  4:52  Zergling x2  
  72  5:04  Zerg Ground Armor Level 1  
  72  5:06  Zerg Melee Weapons Level 1  
  75  5:20  Lair  
  81  5:31  Extractor x2  
  86  5:36  Spore Crawler  
  85  5:46  Extractor  
  84  5:55  Baneling Nest  
  95  6:14  Extractor  
  95  6:16  Spore Crawler  
  93  6:21  Hatchery, Spire  
  93  6:24  Overseer  
  92  6:32  Overseer  
  97  6:55  Centrifical Hooks  
  97  7:07  Hatchery  
  96  7:08  Zerg Melee Weapons Level 2, Zerg Ground Armor Level 2  
  98  7:38  Zerg Flyer Weapons Level 1  
  98  7:47  Mutalisk x4  
  98  7:50  Baneling x5  
  105  7:53  Hatchery  
  105  7:57  Baneling x5  
  105  7:58  Overseer  
  104  8:01  Mutalisk x2  
  104  8:05  Spore Crawler  
  114  8:28  Mutalisk x3  
  114  8:47  Mutalisk  
  116  9:13  Burrow  
  137  9:54  Infestation Pit  
Spawning Tool Build Advisor. Get it on Overwolf

Go to:

Details

  • Created by: FieryNips
  • Published on: Jul 03, 2018
  • Modified on: Jul 03, 2018
  • Patch: 4.0.0
Show
View Real Time Build Order
Export as new Build Order

Comments (0)

There are no comments. Be the first!

Create an account to comment!